 Dungeon Crawl Stone Soup version 0.24-a0-203-gf0bc1e9 (webtiles) character file.

Game seed: 1411098215018740671

48130 Borgoz the Swashbuckler (level 14, -3/77 HPs)
             Began as a Kobold Gladiator on Mar 27, 2019.
             Was an Elder of Ashenzari.
             Succumbed to a redback's poison
             ... on level 4 of the Lair of Beasts.
             The game lasted 00:54:44 (20310 turns).

Borgoz the Swashbuckler (Kobold Gladiator)         Turns: 20310, Time: 00:54:45

Health: -3/77      AC: 10    Str: 14 (15) XL:     14   Next: 85%
Magic:  15/22      EV: 25    Int: 11      God:    Ashenzari [****..]
Gold:   1598       SH:  0    Dex: 17 (20) Spells: 13/23 levels left

rFire    . . .     SeeInvis +   a - +7 rapier of Res Nullius {freeze, Dex+4 Stlth+}
rCold    . . .     Gourm    .   (shield restricted)
rNeg     . . .     Faith    .   P - +0 troll leather armour
rPois    .         Spirit   .   c - +1 helmet
rElec    .         Reflect  .   J - scarf {repulsion}
rCorr    .         Harm     .   q - +1 pair of gloves
MR       ++...     Clarity  +   (no boots) Stlth ++++++....Rnd*Tele +
                                z - amulet of regeneration
HPRegen  0.62/turn              y - ring of stealth
MPRegen  0.18/turn              K - +2 ring of slaying

@: lethally poisoned (-3 -> -56), repel missiles
A: small, carnivore, frail 1, magic resistance 1, teleportitis 1, wild magic 1
a: Curse Item, Scrying, Renounce Religion


You were on level 4 of the Lair of Beasts.
You worshipped Ashenzari.
Ashenzari was greatly pleased with you.
You were very full.

You visited 4 branches of the dungeon, and saw 19 of its levels.
You also visited: Gauntlet.

You collected 1598 gold pieces.

Inventory:

Hand Weapons
 a - the +7 rapier of Res Nullius (weapon) {freeze, Dex+4 Stlth+}
   (You found it on level 6 of the Dungeon)

   It has been specially enchanted to freeze those struck by it, causing extra
   injury to most foes and up to half again as much damage against particularly
   susceptible opponents.
   It can also slow down cold-blooded creatures.
   It affects your dexterity (+4).
   It makes you more stealthy.
 b - the +8 dagger of Axoun {flame, MP+9 Str+5}
   (You found it on level 8 of the Dungeon)

   It has been specially enchanted to burn those struck by it, causing extra
   injury to most foes and up to half again as much damage against particularly
   susceptible opponents.
   It affects your strength (+5).
   It affects your magic capacity (+9).
 M - a +5 dagger of venom
 N - a +2 short sword of venom
Missiles
 o - 25 tomahawks (quivered)
Armour
 c - a +1 helmet (worn)
 q - a +1 pair of gloves (worn)
 r - a +0 leather armour of cold resistance
 t - a +1 leather armour of fire resistance
 F - a +1 leather armour of magic resistance
 J - a scarf of repulsion (worn)
 P - a +0 troll leather armour (worn)
Jewellery
 s - an uncursed ring of protection from cold
 y - a ring of stealth (left hand)
 z - an amulet of regeneration (around neck)
 C - an uncursed ring of wizardry
 E - an uncursed ring of stealth
 G - an uncursed amulet of magic regeneration
 H - an uncursed ring of protection from fire
 K - a +2 ring of slaying (right hand)
 S - an uncursed amulet of guardian spirit
Wands
 d - a wand of scattershot (2)
 l - a wand of digging (11)
 u - a wand of paralysis (4)
 v - a wand of flame (21)
 w - a wand of acid (19)
 L - a wand of iceblast (11)
Scrolls
 e - 2 scrolls of summoning
 g - 2 scrolls of enchant weapon
 h - 6 scrolls of identify
 j - 17 scrolls of remove curse
 I - a scroll of magic mapping
 O - a scroll of fog
Potions
 i - a potion of brilliance
 m - a potion of haste
 n - 2 potions of magic
 p - a potion of resistance
 B - a potion of flight
Miscellaneous
 A - a lightning rod (4/4)
Comestibles
 f - 29 rations
 k - 5 chunks of flesh


   Skills:
 + Level 9.4 Fighting
 * Level 15.0 Short Blades
 - Level 5.0 Throwing
 * Level 9.9 Armour
 * Level 14.0 Dodging
 + Level 10.0 Stealth
 - Level 5.4 Spellcasting
 + Level 5.1 Hexes
 - Level 5.0 Evocations


You had 13 spell levels left.
You knew the following spells:

 Your Spells              Type           Power        Failure   Level  Hunger
a - Silence               Hex/Air        ##........   96%         5    ######.
b - Confuse               Hex            ###.....     13%         3    ###....
c - Ensorcelled Hibernat  Hex/Ice        ##....       19%         2    ##.....

Your spell library contained the following spells:

 Spells                   Type           Power        Failure   Level  Hunger
 Corona                   Hex            ###....      5%          1    None
 Tukima's Dance           Hex            ###.....     13%         3    ###....
 Dazzling Spray           Conj/Hex       ##....       34%         3    ###....
 Cause Fear               Hex            ###.......   36%         4    ####...
 Yara's Violent Unravell  Hex/Tmut       ##........   96%         5    ######.
 Bolt of Magma            Conj/Fire/Erth #.........   100%        5    ######.
 Iskenderun's Battlesphe  Conj/Chrm      #.......     100%        5    ######.
 Venom Bolt               Conj/Pois      #.........   100%        5    ######.
 Deflect Missiles         Chrm/Air       #.........   100%        6    #######
 Iron Shot                Conj/Erth      #.........   100%        6    #######
 Orb of Destruction       Conj           #.........   100%        7    #######
 Spellforged Servitor     Conj/Summ      #.........   100%        7    #######
 Discord                  Hex            ###.......   100%        8    #######


Dungeon Overview and Level Annotations

Branches:
Dungeon (12/15)            Temple (1/1) D:7            Lair (4/6) D:8
 Shoals (0/4) Lair:4       Spider (0/4) Lair:4          Orc (2/2) D:9
    Elf (0/3) Orc:2

Altars:
Ashenzari
Cheibriados
Dithmenos
Elyvilon
Fedhas
Gozag
Hepliaklqana
Kikubaaqudgha
Makhleb
Nemelex Xobeh
Okawaru
Qazlal
Ru
Sif Muna
Trog
Uskayaw
Vehumet
Wu Jian
Xom
Yredelemnul
Zin
The Shining One
Beogh

Shops:
D:7 (   Orc:1 %

Annotations:
D:8 1 runed translucent door, confidenceinterval's ghost, novice DrTm


Innate Abilities, Weirdness & Mutations

You are small and have problems with some larger weapons.
You are carnivorous and can eat meat at any time.
You are frail. (-10% HP)
You are resistant to hostile enchantments. (MR+)
You are occasionally teleported next to monsters.
Your spells are a little harder to cast, but a little more powerful.


Message History

You puncture the redback! You freeze the redback.
You kill the redback!
You feel very sick.
Okay, then.
You remove your amulet of guardian spirit.
* * * LOW HITPOINT WARNING * * *
You feel very sick.
You sense that the amulet cannot attune itself to your injured body.
z - an amulet of regeneration (around neck)
* * * LOW HITPOINT WARNING * * *
You feel very sick.
There is a lethal amount of poison in your body!
There is a lethal amount of poison in your body!
* * * LOW HITPOINT WARNING * * *
You feel extremely sick.
* * * LOW HITPOINT WARNING * * *
You feel very sick.
* * * LOW HITPOINT WARNING * * *
You feel very sick.
You die...

.............P#.........##
.............#####..#####
............## #...###
.......###### ##.....###
P#....## #.###* #.#....#.#
##....# #^#,#.#*#....P..##
##...###^#, #.##P..###.P##
#....##^## * ##.##.##
#P..### #P...≈...##
,#..@..# ##....##
##...≈.>..#,#^..†..#
#.....#
#....≈...###^#....##
#.....# #....##^## #
##.#.# #.....# #....###.#
, .##.# ##<.<..## ##....#
#.#, .#*### #.......#
#....# ## ##* #......##
#....########### ##.....#
##...#.....>.#..###
##...P#


There were no monsters in sight!

Vanquished Creatures
  Jorgrun (Orc:1)
  A minotaur (Gauntlet)
  Snorg (Orc:2)
  Erolcha (Orc:2)
  2 hydras
  2 centaur warriors (D:12)
  2 catoblepae
  Erica (D:11)
  3 two-headed ogres
  Urug (Orc:1)
  Nergalle (D:11)
  2 orc knights
  2 deep elf magi (D:12)
  A cyclops (Orc:2)
  2 ugly things (D:12)
  A black mamba (Lair:2)
  2 centaur zombies
  An apocalypse crab (Gauntlet)
  An ice statue (Gauntlet)
  6 gargoyles
  13 spiny frogs
  3 komodo dragons
  5 rime drakes
  6 trolls
  9 blink frogs (Lair:4)
  7 hippogriffs
  A meliai zombie (D:9)
  Sigmund (D:4)
  A vampire (D:12)
  7 redbacks (Lair:4)
  31 yaks
  A wyvern (D:8)
  A wyvern (shapeshifter) (D:12)
  A basilisk (Lair:3)
  4 hogs (D:7)
  A human (D:7)
  2 hungry ghosts
  Menkaure (D:4)
  A warg (Orc:2)
  9 water moccasins
  Duvessa (D:6)
  4 porcupines
  19 orc warriors
  An eye of draining (D:12)
  3 sky beasts
  13 ogres
  3 phantoms
  8 wolves
  10 centaurs
  8 crocodiles
  2 big kobolds
  17 bullfrogs
  Dowan (D:6)
  A water moccasin zombie (D:9)
  4 scorpions
  14 killer bees
  9 howler monkeys
  6 wights
  7 crimson imps
  5 bullfrog zombies
  A jelly (D:10)
  2 quasits
  21 orc priests
  A bullfrog skeleton (D:10)
  2 centaur skeletons
  A gnoll shaman (Orc:1)
  6 hounds
  2 iguanas
  16 orc wizards
  6 worker ants
  A human simulacrum (D:10)
  A hound zombie (D:7)
  A worker ant zombie (D:6)
  Robin (D:3)
  14 gnolls
  17 adders
  3 shadow imps
  An ooze (D:5)
  A worm (D:2)
  2 dart slugs
  4 leopard geckos
  94 orcs
  8 bats
  6 giant cockroaches
  13 goblins
  13 hobgoblins
  9 jackals
  2 quokkas
  A ball python (D:2)
  7 frilled lizards
  15 kobolds
  A leopard gecko skeleton (D:4)
  A quokka skeleton (D:10)
  4 rats
553 creatures vanquished.

Vanquished Creatures (others)
  An ice beast (D:7)
  An orc wizard (Orc:2)
  An adder (D:12)
  3 fungi (D:8)
  7 plants
13 creatures vanquished.

Grand Total: 566 creatures vanquished

Notes
Turn   | Place    | Note
-------+----------+-------------------------------------------
     0 | D:1      | Borgoz the Kobold Gladiator began the quest for the Orb.
     0 | D:1      | Reached XP level 1. HP: 12/12 MP: 1/1
   112 | D:1      | Reached XP level 2. HP: 7/17 MP: 2/2
   574 | D:1      | Reached XP level 3. HP: 22/22 MP: 3/3
   630 | D:1      | Found a glowing golden altar of the Shining One.
   859 | D:2      | Found a radiant altar of Vehumet.
   862 | D:2      | Found a shadowy altar of Dithmenos.
   865 | D:2      | Found a basalt altar of Yredelemnul.
   867 | D:2      | Reached skill level 1 in Stealth
  1007 | D:2      | Reached skill level 1 in Armour
  1291 | D:2      | Reached XP level 4. HP: 27/27 MP: 4/4
  1661 | D:3      | Reached skill level 1 in Spellcasting
  1899 | D:3      | Reached XP level 5. HP: 23/31 MP: 6/6
  2190 | D:3      | Found a shadowy altar of Dithmenos.
  2481 | D:4      | Noticed Robin
  2507 | D:4      | Noticed an ogre
  2660 | D:3      | Reached skill level 5 in Short Blades
  2839 | D:3      | Killed Robin
  2900 | D:3      | Killed an ogre
  2900 | D:3      | Reached XP level 6. HP: 37/37 MP: 6/8
  3560 | D:4      | Reached skill level 5 in Dodging
  3560 | D:4      | Reached XP level 7. HP: 41/41 MP: 9/9
  3613 | D:4      | Noticed Sigmund
  3635 | D:4      | Killed Sigmund
  3635 | D:4      | Reached skill level 6 in Short Blades
  3871 | D:4      | Noticed Menkaure
  3874 | D:4      | Killed Menkaure
  4053 | D:3      | Reached XP level 8. HP: 46/46 MP: 11/11
  4277 | D:5      | Entered Level 5 of the Dungeon
  4301 | D:5      | Found an ornate altar of the Wu Jian Council.
  4314 | D:5      | Found an opulent altar of Gozag.
  4998 | D:5      | Reached skill level 7 in Short Blades
  5305 | D:5      | Found a bloodstained altar of Trog.
  5642 | D:6      | Reached XP level 9. HP: 46/52 MP: 13/13
  5692 | D:6      | Got a crystal rapier
  5693 | D:6      | Identified the +7 rapier of Res Nullius {freeze, Dex+4
                  | Stlth+} (You found it on level 6 of the Dungeon)
  5915 | D:6      | Noticed Duvessa
  5920 | D:6      | Noticed Dowan
  5921 | D:6      | Killed Duvessa
  5936 | D:6      | Killed Dowan
  6098 | D:7      | Reached skill level 5 in Stealth
  6129 | D:7      | Found Vadece's Antique Weapon Boutique.
  6308 | D:7      | Found a staircase to the Ecumenical Temple.
  6344 | D:7      | Reached skill level 8 in Short Blades
  6397 | Temple   | Entered the Ecumenical Temple
  6430 | Temple   | Became a worshipper of Ashenzari the Shackled
  6931 | D:7      | Reached skill level 5 in Fighting
  6931 | D:7      | Reached skill level 5 in Throwing
  6931 | D:7      | Reached XP level 10. HP: 52/59 MP: 15/15
  7085 | D:8      | Found a runed translucent door.
  7086 | D:8      | Noticed confidenceinterval's ghost (novice DrTm)
  7086 | D:8      | Identified the +4 trident "Qoloj" {pierce, rC+ Str+4}
  7099 | D:8      | Reached skill level 9 in Short Blades
  7101 | D:8      | Reached skill level 5 in Armour
  7205 | D:8      | Found a white marble altar of Elyvilon.
  7338 | D:8      | Got the dagger of Axoun {flame, MP+9 Str+5}
  7482 | D:8      | Identified the +8 dagger of Axoun {flame, MP+9 Str+5} (You
                  | found it on level 8 of the Dungeon)
  7587 | D:8      | Found a staircase to the Lair.
  7598 | Lair:1   | Entered Level 1 of the Lair of Beasts
  7697 | Lair:1   | Noticed a spiny frog
  7719 | Lair:1   | Killed a spiny frog
  7719 | Lair:1   | Reached skill level 10 in Short Blades
  7934 | Lair:1   | Noticed a spiny frog
  7940 | Lair:1   | Killed a spiny frog
  7941 | Lair:1   | Noticed a rime drake
  7950 | Lair:1   | Killed a rime drake
  8074 | Lair:1   | Reached XP level 11. HP: 53/64 MP: 18/18
  8113 | Lair:1   | Reached skill level 5 in Spellcasting
  8146 | Lair:1   | Reached skill level 10 in Dodging
  8434 | Lair:1   | Reached skill level 11 in Short Blades
  9131 | Lair:1   | Reached skill level 1 in Evocations
  9164 | Lair:1   | Reached * piety under Ashenzari
  9170 | Lair:1   | Noticed an eight-headed hydra
  9177 | Lair:1   | Killed an eight-headed hydra
  9607 | Lair:2   | Noticed a catoblepas
  9627 | Lair:2   | Killed a catoblepas
 10189 | D:8      | Reached XP level 12. HP: 72/72 MP: 20/20
 10381 | D:9      | Found a staircase to the Orcish Mines.
 11184 | D:9      | Found a shimmering altar of Xom.
 11315 | D:9      | Reached skill level 12 in Short Blades
 11705 | D:10     | Entered Level 10 of the Dungeon
 12247 | D:10     | Reached ** piety under Ashenzari
 12307 | D:10     | Learned a level 5 spell: Silence
 13180 | D:11     | Noticed a two-headed ogre
 13186 | D:11     | Killed a two-headed ogre
 13186 | D:11     | Reached skill level 1 in Hexes
 13219 | D:11     | Noticed Nergalle
 13237 | D:11     | Killed Nergalle
 13702 | D:11     | Noticed Erica
 13719 | D:11     | Killed Erica
 14014 | D:12     | Reached XP level 13. HP: 51/78 MP: 21/21
 14222 | D:12     | Reached skill level 13 in Short Blades
 14269 | D:12     | Noticed a centaur warrior
 14276 | D:12     | Killed a centaur warrior
 14747 | D:12     | Reached skill level 5 in Evocations
 14757 | D:12     | Noticed a centaur warrior
 14770 | D:12     | Killed a centaur warrior
 14978 | Orc:1    | Entered Level 1 of the Orcish Mines
 14978 | Orc:1    | Found a roughly hewn altar of Beogh.
 14978 | Orc:1    | Noticed Urug
 14980 | Orc:1    | Killed Urug
 15350 | Orc:1    | Noticed Jorgrun
 15361 | Orc:1    | Killed Jorgrun
 15607 | Orc:1    | Found Caontuv's Food Emporium.
 15760 | Orc:2    | Entered Level 2 of the Orcish Mines
 15765 | Orc:2    | Found a staircase to the Elven Halls.
 15785 | Orc:2    | Found a roughly hewn altar of Beogh.
 16115 | Orc:2    | Found a roughly hewn altar of Beogh.
 16187 | Orc:2    | Noticed Snorg
 16206 | Orc:2    | Killed Snorg
 16206 | Orc:2    | Reached skill level 14 in Short Blades
 16498 | Orc:2    | Noticed Erolcha
 16505 | Orc:2    | Killed Erolcha
 16505 | Orc:2    | Reached XP level 14. HP: 83/84 MP: 22/22
 17156 | Lair:2   | Reached *** piety under Ashenzari
 17972 | Lair:3   | Found a gate leading to a gauntlet.
 18056 | Gauntlet | Entered a Gauntlet
 18056 | Gauntlet | Found a transporter.
 18056 | Gauntlet | Found a transporter.
 18056 | Gauntlet | Found a runed translucent door.
 18059 | Gauntlet | Found a runed translucent door.
 18059 | Gauntlet | Found a runed translucent door.
 18068 | Gauntlet | Found a transporter.
 18068 | Gauntlet | Found a transporter.
 18108 | Gauntlet | Found a transporter.
 18248 | Gauntlet | Found a transporter.
 18251 | Gauntlet | Found a transporter.
 18252 | Gauntlet | Found a transporter.
 18264 | Gauntlet | Found a transporter.
 18398 | Gauntlet | Found a transporter.
 18403 | Gauntlet | Found a transporter.
 18415 | Gauntlet | Found a transporter.
 18518 | Gauntlet | Noticed a minotaur
 18522 | Gauntlet | Gained mutation: You are resistant to hostile enchantments.
                  | (MR+) [potion of mutation]
 18522 | Gauntlet | Gained mutation: You are occasionally teleported next to
                  | monsters. [potion of mutation]
 18522 | Gauntlet | Gained mutation: You are frail. (-10% HP) [potion of
                  | mutation]
 18522 | Gauntlet | Gained mutation: Your spells are a little harder to cast,
                  | but a little more powerful. [potion of mutation]
 18531 | Gauntlet | HP: 3/77 [minotaur/+3 hand axe of chopping (8)]
 18533 | Gauntlet | Killed a minotaur
 19428 | Lair:4   | Found a staircase to the Shoals.
 19630 | Lair:4   | Reached skill level 5 in Hexes
 19767 | Lair:4   | Found a hole to the Spider Nest.
 20025 | Lair:4   | Reached skill level 15 in Short Blades
 20034 | Lair:4   | Reached skill level 10 in Stealth
 20051 | Lair:4   | Learned a level 3 spell: Confuse
 20054 | Lair:4   | Learned a level 2 spell: Ensorcelled Hibernation
 20197 | Lair:4   | Reached **** piety under Ashenzari
 20309 | Lair:4   | HP: 1/77 [poisoned by a redback]
 20310 | Lair:4   | Succumbed to a redback's poison

Levels and vault maps discovered:
D:1:      mrwooster_arrival_statue_3, layout_basic, st_stairs_8, tso_altar
D:2:      layout_basic, grunt_temple_overflow_diamond, minmay_misc_feat_square
D:3:      layout_basic, first_ration, nicolae_dithmenos_shadow_blocks
D:4:      layout_basic, minmay_ruptured, uniq_robin, uniq_menkaure, uniq_sigmund
D:5:      layout_rooms, lemuel_doored_altar, grunt_temple_overflow_open,
          grunt_ministairs_9
D:6:      layout_loops_ring, uniq_duvessa
D:7:      layout_basic, lemuel_temple_firewalk_b, serial_shops, shop,
          grunt_livestock, minmay_misc_feat_cross
D:8:      layout_gridville, nicolae_overflow_crystal_walls,
          grunt_lair_entry_orc_guard_hut, ebering_ghost_funeral_grove
D:9:      layout_gridville, erik_orc_4, basic_altar
D:10:     layout_basic, bh_circular_ruins
D:11:     layout_long_grid, uniq_nergalle, uniq_erica
D:12:     minmay_spiral_squares, layout_basic, hellmonk_ghost_happy_afterlife,
          minivault_24, serial_park_tiny_2
Temple:   regret_index_temple_waves
Lair:1:   layout_chaotic_city, serial_bayou_pond_c, hangedman_lair_generics_rect
Lair:2:   layout_cave_pods
Lair:3:   layout_long_grid, gauntlet_entry_generic, serial_bayou_shore_a
Lair:4:   layout_cave_pods, minmay_shoals_entry_centaurs,
          nicolae_spider_entry_tight_spaces, grunt_megastairs_4
Orc:1:    layout_caves, basic_altar, serial_shops, nicolae_shop_behind_doors,
          uniq_jorgrun, uniq_urug
Orc:2:    st_orc_pillars, layout_diamond_mine, basic_altar,
          nicolae_orc_lost_temple, uniq_snorg, uniq_erolcha
Gauntlet: minmay_gauntlet_77_indecision [minmay_gauntlet_arena_77_path,
          minmay_gauntlet_arena_77_cramped, minmay_gauntlet_arena_77_mess,
          minmay_gauntlet_arena_77_mirror,
          minmay_gauntlet_arena_77_radiant_squares,
          minmay_gauntlet_arena_77_museum, gauntlet_exit_watery]

Skill      XL: |  1  2  3  4  5  6  7  8  9 10 11 12 13 14 |
---------------+-------------------------------------------+-----
Dodging        | 4 5 6 8 9 10 11 13 14 | 14.0
Stealth        | 1 2 3 4 5 7 8 10 | 10.0
Armour         | 1 2 3 4 6 7 8 9 |  9.9
Spellcasting   | 1 2 3 4 5 |  5.4
Short Blades   | 5 6 7 8 10 11 12 14 15 | 15.0
Fighting       | 3 4 5 6 7 8 9 |  9.4
Throwing       | 3 4 5 |  5.0
Evocations     | 2 4 5 |  5.0
Hexes          | 1 4 5 |  5.1

Action                   |  1- 3 |  4- 6 |  7- 9 | 10-12 | 13-15 || total
-------------------------+-------+-------+-------+-------+-------++-------
Melee: Rapier            |    59 |   125 |   104 |   731 |   688 ||  1707
       Dagger            |       |    48 |   217 |       |    13 ||   278
 Fire: Blowgun           |       |     8 |       |       |       ||     8
Throw: Tomahawk          |       |       |     7 |     1 |       ||     8
       Throwing net      |       |       |     3 |     3 |       ||     6
Evoke: Wand              |       |       |       |     7 |    16 ||    23
  Use: Potion            |       |     5 |     5 |     5 |     8 ||    23
       Scroll            |       |     7 |     2 |     9 |     6 ||    24
 Stab: Sleeping          |     4 |     4 |    14 |    32 |    41 ||    95
       Held in net/web   |       |       |     1 |     2 |       ||     3
       Distracted        |       |       |       |       |     3 ||     3
       Paralysed         |       |       |       |       |     1 ||     1
  Eat: Chunk             |    10 |     7 |    10 |    29 |    20 ||    76
Armor: Leather armour    |     5 |    27 |    25 |    91 |    33 ||   181
       Skin              |       |       |     1 |       |       ||     1
       Troll leather arm |       |       |       |       |    21 ||    21
Dodge: Dodged            |    41 |   191 |   217 |   681 |   531 ||  1661

Table legend:
 A = Non-vault XP
 B = Vault XP
 C = Vault XP percentage of total XP
 D = Non-vault monster count
 E = Vault monster count
 F = Vault count percentage of total count
                 A         B        C        D         E       F
            +---------+---------+-------+---------+---------+-------
      Total |   42525 |   26233 |  38.2 |     432 |     122 |  22.0
            +---------+---------+-------+---------+---------+-------
        D:1 |      27 |       2 |   6.9 |      15 |       1 |   6.2
        D:2 |      49 |       0 |   0.0 |      16 |       0 |   0.0
        D:3 |     494 |      30 |   5.7 |      41 |       9 |  18.0
        D:4 |      69 |     451 |  86.7 |       3 |       7 |  70.0
        D:5 |     715 |     122 |  14.6 |      25 |       2 |   7.4
        D:6 |     259 |     227 |  46.7 |       8 |       2 |  20.0
        D:7 |     751 |    1003 |  57.2 |      23 |       5 |  17.9
        D:8 |    1944 |    1031 |  34.7 |      39 |      11 |  22.0
        D:9 |    2672 |     313 |  10.5 |      31 |      12 |  27.9
       D:10 |    2010 |      21 |   1.0 |      35 |       1 |   2.8
       D:11 |    3999 |    1744 |  30.4 |      41 |       2 |   4.7
       D:12 |    2839 |    6066 |  68.1 |      10 |      24 |  70.6
     Lair:1 |    6327 |     967 |  13.3 |      27 |       4 |  12.9
     Lair:2 |    5169 |       0 |   0.0 |      15 |       0 |   0.0
     Lair:3 |    4739 |       0 |   0.0 |      17 |       0 |   0.0
     Lair:4 |    5757 |    2850 |  33.1 |      30 |      16 |  34.8
      Orc:1 |    1236 |    4388 |  78.0 |      24 |       3 |  11.1
      Orc:2 |    3469 |    2305 |  39.9 |      32 |      15 |  31.9
   Gauntlet |       0 |    4713 | 100.0 |       0 |       8 | 100.0
            +---------+---------+-------+---------+---------+-------
